 Dungeon Crawl Stone Soup version 0.27.0-1-g7a089689b8 (webtiles) character file.

Game seed: 16448016398023590471

65 Descartes the Shield-Bearer (level 4, -10/37 HPs)
             Began as a Formicid Fighter on Aug 1, 2021.
             Mangled by Sigmund (12 damage)
             ... on level 2 of the Dungeon.
             The game lasted 00:03:03 (1822 turns).

Descartes the Shield-Bearer (Formicid Fighter)      Turns: 1822, Time: 00:03:03

Health: -10/37     AC:  7    Str: 20    XL:     4   Next: 34%
Magic:  4/4        EV:  8    Int:  9    God:
Gold:   48         SH:  9    Dex: 10    Spells: 3/3 levels left

rFire    . . .     SeeInvis +   a - +0 long sword
rCold    . . .     Faith    .   c - +0 kite shield
rNeg     . . .     Spirit   .   b - +0 scale mail
rPois    .         Reflect  .   (helmet unavailable)
rElec    .         Harm     .   (no cloak)
rCorr    .         Rampage  .   (no gloves)
Will     .....                  (no boots)
Stlth    ..........             m - amulet of magic regeneration
HPRegen  0.12/turn              (no ring)
MPRegen  0.34/turn              (no ring)

@: mighty
A: permanent stasis, dig shafts and tunnels, antennae 3, four strong arms
a: Dig, Shaft Self


You were on level 2 of the Dungeon.
You visited 1 branch of the dungeon, and saw 2 of its levels.

You collected 48 gold pieces.

Inventory:

Hand Weapons
 a - a +0 long sword (weapon)
Missiles
 e - 18 stones
 f - 30 bolts
 i - 42 arrows
 k - 28 sling bullets
 n - 14 poisoned darts
Armour
 b - a +0 scale mail (worn)
 c - a +0 kite shield (worn)
Jewellery
 m - an amulet of magic regeneration (around neck)
 o - a +4 ring of protection
Scrolls
 g - a scroll of teleportation {unknown}
 h - a scroll of identify {unknown}
 j - a scroll of summoning {unknown}


   Skills:
 + Level 3.9 Fighting
 + Level 2.7 Long Blades
 + Level 3.9 Armour
 + Level 4.2 Shields


You had 3 spell levels left.
You didn't know any spells.
Your spell library contained the following spells:

 Spells                   Type           Power      Damage    Failure   Level
 Corona                   Hex            0%         N/A       97%         1
 Ensorcelled Hibernation  Hex/Ice        0%         N/A       99%         2
 Tukima's Dance           Hex            0%         N/A       100%        3


Dungeon Overview and Level Annotations

Branches:
Dungeon (2/15)

Altars:

Shops:
D:2 [

Annotations:
D:2 Sigmund


Innate Abilities, Weirdness & Mutations

You cannot be hasted, slowed, berserked, paralysed or teleported.
You can dig through walls and to a lower floor.
You have a pair of large antennae on your head. (SInv)
Your four strong arms can wield two-handed weapons with a shield.


Message History

You hit Sigmund.
Sigmund is heavily wounded.
You block Sigmund's attack.
Sigmund screams, "Only death can liberate you!"
Sigmund casts a spell at you. The magic dart hits you.
* * * LOW HITPOINT WARNING * * *
It was a potion of curing.
You feel better. Sigmund closely misses you.
You feel very mighty all of a sudden. Sigmund hits you with a +0 scythe.
* * * LOW HITPOINT WARNING * * *
Sigmund is nearby!
You closely miss Sigmund.
Sigmund is heavily wounded.
Sigmund closely misses you.
You slash Sigmund!
Sigmund is severely wounded.
Sigmund points at you and mumbles some strange words.
You are confused.
Sigmund gestures at you while chanting.
The magic dart hits you but does no damage.
You closely miss Sigmund.
Sigmund is severely wounded.
Sigmund barely misses you. Sigmund gestures at you while chanting.
The magic dart hits you.
* * * LOW HITPOINT WARNING * * *
You barely miss Sigmund.
Sigmund is severely wounded.
Sigmund casts a spell at you. The puff of flame hits you.
* * * LOW HITPOINT WARNING * * *
You bump into the rock wall.
Sigmund mumbles some strange words.
Sigmund flickers and vanishes for a moment.
Sigmund hits you but does no damage.
You bump into the crystal wall.
You feel less confused. Sigmund hits you with a +0 scythe!
You die...

#.####+#.#
#.#+#####
#.##.....#
#........
#..'.....#
#.......#
####....##
#.......#
#....#
####.......#
#....#
#..........#
##....#
#......#####
#####..@..#
#......# #
#......@..#
#......#####
#####≈#####
#......'....


PP≈ #......##### #..≈P #.........# ##P≈P #####...#### #.≈P #....... #.≈P
###.#### ##≈P #..... #####. You could see Sigmund (invisible).

Vanquished Creatures
  Robin (D:2)
  An adder (D:2)
  2 dart slugs (D:1)
  A bat (D:1)
  4 endoplasms
  11 goblins
  6 hobgoblins
  3 quokkas
  3 ball pythons (D:1)
  3 rats
35 creatures vanquished.

Notes
Turn   | Place    | Note
-------+----------+-------------------------------------------
     0 | D:1      | Descartes the Formicid Fighter began the quest for the Orb.
     0 | D:1      | Reached XP level 1. HP: 18/18 MP: 1/1
   115 | D:1      | Reached XP level 2. HP: 24/24 MP: 2/2
   594 | D:1      | Reached skill level 4 in Shields
   720 | D:1      | Reached XP level 3. HP: 24/29 MP: 3/3
   898 | D:2      | Noticed Robin
  1309 | D:1      | Reached XP level 4. HP: 34/37 MP: 4/4
  1320 | D:2      | Killed Robin
  1777 | D:2      | Found Fear's Armour Shoppe.
  1793 | D:2      | Noticed Sigmund
  1812 | D:2      | HP: 1/37 [Sigmund/magic dart (3)]
  1822 | D:2      | Mangled by Sigmund

Illustrated notes

Levels and vault maps discovered:
D:1:      lemuel_arrival_tunnels, layout_loops_ring
D:2:      layout_basic, shapermc_ecumenical_altar_hornbeckon, serial_shops,
          shop, corner_web_ring, grunt_ministairs_15, uniq_robin, uniq_sigmund

Skill      XL: |  1  2 |
---------------+-------+-----
Shields        | 4 |  4.2
Fighting       | |  3.9
Long Blades    | |  2.7
Armour         | |  3.9

Action                   |  1- 3 |  4- 6 || total
-------------------------+-------+-------++-------
Melee: Long sword        |    81 |    40 ||   121
  Use: Potion            |       |     2 ||     2
Armor: Scale mail        |    50 |    15 ||    65
Dodge: Dodged            |    28 |    10 ||    38
Block: Kite shield       |    59 |    20 ||    79
       Rpst.: Long sword |     5 |     3 ||     8
